 Dungeon Crawl Stone Soup version 0.27.0-1-g7a089689b8 (webtiles) character file.

Game seed: 7134082220455578195

657 SnakkuSnakku7 the Shield-Bearer (level 7, -6/52 HPs)
             Began as a Formicid Fighter on Aug 11, 2021.
             Was a Follower of Okawaru.
             Mangled by an ice beast (13 damage)
             ... on level 5 of the Dungeon.
             The game lasted 00:03:24 (3215 turns).

SnakkuSnakku7 the Shield-Bearer (Formicid Fighter)  Turns: 3215, Time: 00:03:27

Health: -6/52      AC: 13    Str: 23    XL:     7   Next: 85%
Magic:  7/7        EV:  6    Int:  7    God:    Okawaru [*.....]
Gold:   239        SH: 11    Dex: 10    Spells: 6/6 levels left

rFire    . . .     SeeInvis +   a - +1 hand axe (elec)
rCold    . . .     Faith    .   c - +0 kite shield
rNeg     . . .     Spirit   .   h - +0 plate armour
rPois    .         Reflect  .   (helmet unavailable)
rElec    .         Harm     .   w - +0 cloak
rCorr    .         Rampage  .   l - +0 pair of gloves
Will     .....                  (no boots)
Stlth    ..........             (no amulet)
HPRegen  0.17/turn              (no ring)
MPRegen  0.10/turn              (no ring)

@: no status effects
A: permanent stasis, dig shafts and tunnels, antennae 3, four strong arms
a: Dig, Shaft Self, Renounce Religion, Heroism


You were on level 5 of the Dungeon.
You worshipped Okawaru.
Okawaru was aware of your devotion.
You visited 2 branches of the dungeon, and saw 6 of its levels.

You collected 239 gold pieces.

Inventory:

Hand Weapons
 a - a +1 hand axe of electrocution (weapon)
 p - a +0 war axe
Missiles
 k - 12 poisoned darts (quivered)
Armour
 b - a +0 scale mail
 c - a +0 kite shield (worn)
 h - a +0 plate armour (worn)
 l - a +0 pair of gloves (worn)
 w - a +0 cloak (worn)
Wands
 q - a wand of paralysis (7)
 v - a wand of polymorph (9)
 y - a wand of charming (12)
Scrolls
 g - 2 scrolls of identify {unknown}
 i - a scroll of blinking {unknown}
 j - a scroll of enchant armour {unknown}
 m - 2 scrolls of enchant weapon {unknown}
 n - a scroll of noise {unknown}
 r - a scroll of teleportation {unknown}
 t - a scroll of brand weapon {unknown}
 u - a scroll of fear {unknown}
Potions
 d - 2 potions of might
 e - a potion of curing {unknown}
 f - a potion of heal wounds {unknown}
 o - a potion of lignification {unknown}
 s - a potion of berserk rage {unknown}
 x - a potion of attraction {unknown}


   Skills:
 - Level 3.2 Fighting
 + Level 5.9 Axes
 - Level 3.2 Armour
 + Level 7.7 Shields


You had 6 spell levels left.
You didn't know any spells.
Your spell library contained the following spells:

 Spells                   Type           Power      Damage    Failure   Level
 Apportation              Tloc           0%         N/A       100%        1
 Alistair's Intoxication  Tmut/Pois      0%         N/A       100%        5
 Invisibility             Hex            0%         N/A       100%        6


Dungeon Overview and Level Annotations

Branches:
Dungeon (5/15)             Temple (1/1) D:4

Altars:
Hepliaklqana
Kikubaaqudgha
Makhleb
Okawaru
The Shining One


Innate Abilities, Weirdness & Mutations

You cannot be hasted, slowed, berserked, paralysed or teleported.
You can dig through walls and to a lower floor.
You have a pair of large antennae on your head. (SInv)
Your four strong arms can wield two-handed weapons with a shield.


Message History

Things that are here:
a +0 giant spiked club; an ogre corpse
Found a stone staircase leading down.
k - 12 poisoned darts (gained 1)
An ice beast comes into view.
An ice beast is nearby!
An ice beast is nearby!
You closely miss the ice beast.
The ice beast hits you but does no damage.
You hit the ice beast.
The ice beast is lightly wounded.
The ice beast hits you but does no damage.
You closely miss the ice beast.
The ice beast is lightly wounded.
The ice beast hits you. The ice beast freezes you!
Your plate armour prevents you from hitting the ice beast.
The ice beast is lightly wounded.
The ice beast hits you. The ice beast freezes you!
Your shield and plate armour prevent you from hitting the ice beast.
The ice beast is lightly wounded.
You block the ice beast's attack.
Your plate armour prevents you from hitting the ice beast.
The ice beast is lightly wounded.
The ice beast hits you but does no damage.
You hit the ice beast but do no damage.
Lightning courses through the ice beast!
The ice beast is heavily wounded.
The ice beast hits you. The ice beast freezes you!
* * * LOW HITPOINT WARNING * * *
You closely miss the ice beast.
The ice beast is heavily wounded.
The ice beast closely misses you.
The ice beast hits you but does no damage.
Aiming: Paralyse
Press: ? - help, Shift-Dir - straight line, f - ice beast
Aim: an ice beast (heavily wounded, chance to affect: 46%)
The ice beast resists with some effort.
The ice beast hits you.
* * * LOW HITPOINT WARNING * * *
The ice beast freezes you!
You die...

##.....###.#.)..#.####
...#####....†.........
.###>....##...........
##...#..............##
...#...#[.........###
...........##......#
)..................#
...###.....##...Y..##
...# ###........@...##
.#######...##........#
........................
....####...####.(..###..
....# ### #.#(#.# .
....###### ........
##........ #.#.#.#.#
...####### .......>.
#### .# # #.


You could see an ice beast.

Vanquished Creatures
  2 necrophages
  An ogre (D:5)
  A scorpion (D:4)
  A jelly (D:5)
  3 hounds
  An iguana (D:5)
  Terence (D:2)
  An orc wizard (D:5)
  2 hound skeletons
  6 adders
  A worm (D:3)
  3 dart slugs
  8 orcs
  3 bats
  6 endoplasms
  4 goblins
  8 hobgoblins
  2 quokkas
  2 ball pythons
  2 frilled lizards (D:3)
  3 kobolds (D:3)
  5 rats
66 creatures vanquished.

Notes
Turn   | Place    | Note
-------+----------+-------------------------------------------
     0 | D:1      | SnakkuSnakku7 the Formicid Fighter began the quest for the
                  | Orb.
     0 | D:1      | Reached XP level 1. HP: 18/18 MP: 1/1
   248 | D:1      | Reached XP level 2. HP: 18/24 MP: 2/2
   256 | D:1      | Found a faded altar of an unknown god.
   287 | D:1      | Reached skill level 4 in Shields
   615 | D:2      | Reached XP level 3. HP: 28/29 MP: 3/3
  1001 | D:2      | Reached XP level 4. HP: 33/35 MP: 4/4
  1112 | D:2      | Noticed Terence
  1118 | D:2      | Killed Terence
  1119 | D:2      | Reached skill level 5 in Shields
  1303 | D:3      | Reached XP level 5. HP: 41/41 MP: 5/5
  1848 | D:3      | Found a hazy altar of Hepliaklqana.
  1988 | D:4      | Found a staircase to the Ecumenical Temple.
  1997 | Temple   | Entered the Ecumenical Temple
  2010 | Temple   | Became a worshipper of Warmaster Okawaru
  2225 | D:4      | Noticed a necrophage
  2244 | D:4      | Killed a necrophage
  2245 | D:4      | Reached skill level 6 in Shields
  2245 | D:4      | Reached XP level 6. HP: 47/47 MP: 6/6
  2725 | D:5      | Entered Level 5 of the Dungeon
  2765 | D:5      | Noticed a necrophage
  2771 | D:5      | Killed a necrophage
  2772 | D:5      | Reached skill level 5 in Axes
  2772 | D:5      | Reached XP level 7. HP: 49/52 MP: 7/7
  2788 | D:5      | Reached skill level 7 in Shields
  2914 | D:4      | Reached * piety under Okawaru
  3215 | D:5      | Mangled by an ice beast

Illustrated notes

Levels and vault maps discovered:
D:1:      psy_arrival_dodecagon, layout_basic,
          hellmonk_ecumenical_altar_crossroads
D:2:      layout_loops_cross, uniq_terence
D:3:      layout_basic, worldfamousw_hep_ancestral_shrine, nrook_loot_triangle
D:4:      layout_basic, minmay_temple_entry_overgrown,
          hangedman_abyss_or_decor_stabs
D:5:      layout_rooms, st_stairs_9
Temple:   regret_index_temple_sphere_string

Skill      XL: |  1  2  3  4  5  6  7 |
---------------+----------------------+-----
Shields        | 4 5 6 7 |  7.7
Axes           | 3 4 5 |  5.9
Fighting       | |  3.2
Armour         | |  3.2

Action                   |  1- 3 |  4- 6 |  7- 9 || total
-------------------------+-------+-------+-------++-------
Melee: War axe           |    57 |    13 |       ||    70
       Hand axe          |       |    82 |    49 ||   131
Throw: Dart              |       |     2 |     5 ||     7
Evoke: Wand              |       |       |     2 ||     2
 Stab: Paralysed         |       |       |     2 ||     2
Armor: Plate armour      |    32 |    40 |    27 ||    99
       Scale mail        |     1 |       |       ||     1
Dodge: Dodged            |    12 |    13 |    13 ||    38
Block: Kite shield       |    46 |    53 |    28 ||   127
